 Dungeon Crawl Stone Soup version 0.19.1-1-g22dce08 (webtiles) character file.

769 Venfury the Chopper (level 7, -8/70 HPs)
             Began as a Troll Berserker on Jan 5, 2017.
             Was a Believer of Trog.
             Mangled by an ogre
             ... wielding a +0 giant club
              (26 damage)
             ... on level 5 of the Dungeon.
             The game lasted 00:38:40 (3791 turns).

Venfury the Chopper (Troll Berserker)               Turns: 3791, Time: 00:38:41

Health: -8/70      AC:  5    Str: 31    XL:     7   Next: 52%
Magic:  6/6        EV: 11    Int:  4    God:    Trog [**....]
Gold:   255        SH:  0    Dex: 10    Spells: 0 memorised, 6 levels left

rFire  . . .     SeeInvis .     a - +0 hand axe
rCold  . . .     Gourm    +     b - +0 animal skin
rNeg   + . .     Faith    .     (no shield)
rPois  .         Spirit   .     (helmet restricted)
rElec  .         Reflect  .     (no cloak)
rCorr  .         Harm     .     (gloves unavailable)
MR     .....                    (boots unavailable)
Stlth  +.........               (no amulet)
                                (no ring)
                                s - ring of positive energy

@: mighty
A: unfitting armour, claws 3, fast metabolism 3, gourmand, regeneration 1,
shaggy fur 1, tough skin 2
a: Berserk, Trog's Hand, Burn Spellbooks, Renounce Religion


You were on level 5 of the Dungeon.
You worshipped Trog.
Trog was pleased with you.
You were hungry.

You visited 1 branch of the dungeon, and saw 5 of its levels.

You collected 255 gold pieces.

Inventory:

Hand Weapons
 a - a +0 hand axe (weapon)
 m - a +1 vampiric short sword
Missiles
 n - 7 large rocks (quivered)
Armour
 b - a +0 animal skin (worn)
Jewellery
 s - a ring of positive energy (left claw)
 w - an uncursed ring of flight {unknown}
Wands
 d - a wand of digging (4/24)
 q - a wand of confusion (31/48)
 t - a wand of flame (31/48)
Scrolls
 e - a scroll of noise {unknown}
 g - a scroll of magic mapping {unknown}
 p - a scroll of teleportation {unknown}
 x - a scroll of fear {unknown}
 y - a scroll of fog {unknown}
Potions
 f - a potion of might
 h - a potion of berserk rage
 j - a potion of haste {unknown}
 k - a potion of flight
 o - a potion of lignification {unknown}
 u - a potion of magic {unknown}
Books
 i - a book of Maledictions

   Spells                             Type                      Level
   a - Corona                         Hexes                        1
   b - Ensorcelled Hibernation        Hexes/Ice                    2
   c - Confuse                        Hexes                        3
   d - Tukima's Dance                 Hexes                        3
   e - Dazzling Spray                 Conjuration/Hexes            3
   Trog disapproves of the use of such an item.
Comestibles
 c - 11 chunks of flesh
 r - a beef jerky
 v - a bread ration


   Skills:
 + Level 4.0 Fighting
 + Level 5.4 Axes
 + Level 4.3 Dodging
 + Level 0.6 Stealth


You had 6 spell levels left.
You didn't know any spells.

Dungeon Overview and Level Annotations

Branches:
Dungeon (5/15)             Temple (0/1) D:5

Altars:
Elyvilon
Fedhas
Gozag
Makhleb
Nemelex Xobeh
Okawaru
Uskayaw


Innate Abilities, Weirdness & Mutations

You are too large for most types of armour.
You have claws for hands.
Your metabolism is lightning-fast.
You like to eat raw meat.
Your natural rate of healing is unusually fast.
You are covered in fur. (AC +1)
You have very tough skin. (AC +2)


Message History

You see here an arrow.
The centaur shoots an arrow.
The arrow hits you!
You see here 3 arrows.
Okay, then.
You feel very mighty all of a sudden. The ogre closely misses you.
You see here an arrow.
You hit the ogre.
The ogre is moderately wounded.
The ogre hits you with a giant club!
You hit the ogre.
The ogre is heavily wounded.
You slash the ogre!
The ogre is severely wounded.
The ogre hits you with a giant club!!
* * * LOW HITPOINT WARNING * * *
As you read the scroll labeled FIKHLY ONUDU, it crumbles to dust.
You feel blessed for a moment.
It was a scroll of remove curse.
The ogre hits you with a giant club!!
You die...

#.# ##....# ##.....
#.# ###...## ##.###
#.###.....## #..#
#.##..##..# #...
#....# #..# #####
###..###.(#
#..##(..#
#.....#(#######
.......##.cO@......#
..........########..
.>.........
.........⌠..
######....≈.≈
#...≈≈≈≈≈ #....≈≈≈≈.


You could see an ogre and a centaur.

Vanquished Creatures
  A phantom (D:4)
  Blork the orc (D:5)
  A scorpion (D:4)
  3 crimson imps (D:5)
  2 hounds (D:4)
  2 orc priests (D:4)
  3 orc wizards (D:4)
  Jessica (D:3)
  Natasha (thrice) (D:3)
  Terence (D:3)
  A worker ant zombie (D:5)
  4 adders
  An ooze (D:5)
  A worm (D:3)
  4 leopard geckos
  9 orcs
  6 bats
  2 giant cockroaches (D:1)
  10 hobgoblins
  11 jackals
  3 frilled lizards
  3 goblins (D:1)
  6 kobolds
  A leopard gecko skeleton (D:4)
  7 rats
87 creatures vanquished.

Notes
Turn   | Place    | Note
-------+----------+-------------------------------------------
     0 | D:1      | Venfury the Troll Berserker began the quest for the Orb.
     0 | D:1      | Reached XP level 1. HP: 22/22 MP: 0/0
   127 | D:1      | Reached XP level 2. HP: 27/29 MP: 1/1
   600 | D:1      | Paralysed by fainting for 5 turns
   606 | D:1      | Paralysed by fainting for 10 turns
   618 | D:1      | Paralysed by fainting for 10 turns
   912 | D:1      | Reached XP level 3. HP: 34/36 MP: 2/2
  1302 | D:2      | Reached ** piety under Trog
  1310 | D:2      | Paralysed by fainting for 11 turns
  1538 | D:3      | Noticed Jessica
  1547 | D:3      | Noticed Terence
  1551 | D:3      | Killed Jessica
  1551 | D:3      | Reached skill level 3 in Axes
  1551 | D:3      | Reached XP level 4. HP: 24/45 MP: 3/3
  1562 | D:3      | Killed Terence
  1684 | D:3      | Noticed Natasha
  1697 | D:3      | Killed Natasha
  1748 | D:3      | Noticed Natasha
  1758 | D:3      | Killed Natasha
  1758 | D:3      | Reached XP level 5. HP: 23/53 MP: 4/4
  1777 | D:3      | Noticed Natasha
  1792 | D:3      | Killed Natasha
  2118 | D:3      | Found a blossoming altar of Fedhas.
  2120 | D:3      | Found a white marble altar of Elyvilon.
  2218 | D:3      | Found a hide-covered altar of Uskayaw.
  2266 | D:4      | Found a sparkling altar of Nemelex Xobeh.
  2376 | D:4      | Reached skill level 4 in Axes
  2582 | D:4      | Reached XP level 6. HP: 61/61 MP: 5/5
  3112 | D:4      | Reached XP level 7. HP: 67/68 MP: 6/6
  3148 | D:4      | Found an opulent altar of Gozag.
  3148 | D:4      | Found an iron altar of Okawaru.
  3149 | D:4      | Found a burning altar of Makhleb.
  3368 | D:5      | Entered Level 5 of the Dungeon
  3372 | D:5      | Reached skill level 5 in Axes
  3616 | D:5      | Noticed Blork the orc
  3638 | D:5      | Killed Blork the orc
  3775 | D:5      | Found a staircase to the Ecumenical Temple.
  3791 | D:5      | Mangled by an ogre

Skill      XL: |  1  2  3  4  5  6  7 |
---------------+----------------------+-----
Fighting       | 3 4 |  4.0
Axes           | 3 4 5 |  5.4
Dodging        | 3 4 |  4.3
Stealth        | |  0.6

Action                   |  1- 3 |  4- 6 |  7- 9 || total
-------------------------+-------+-------+-------++-------
Melee: Hand axe          |   128 |   207 |   160 ||   495
Invok: Trog's Hand       |     1 |     3 |     1 ||     5
       Berserk           |       |     1 |     1 ||     2
  Use: Scroll            |     3 |     3 |     1 ||     7
       Potion            |       |     4 |     1 ||     5
 Stab: Sleeping          |       |     1 |       ||     1
  Eat: Chunk             |     5 |     4 |     5 ||    14
       Bread ration      |     1 |     1 |       ||     2
       Pizza             |     1 |       |     1 ||     2
       Meat ration       |       |     2 |       ||     2
Armor: Animal skin       |    72 |    59 |    51 ||   182
Dodge: Dodged            |    94 |   146 |    88 ||   328
